 Dungeon Crawl Stone Soup version 0.29.1-1-gd02db6906a (webtiles) character file.

Game seed: 5820506826503469706

132 GigaChad the Trooper (level 4, -2/45 HPs)
             Began as a Minotaur Fighter on Sept 29, 2022.
             Killed by divine providence
             ... invoked by an orc priest
              (16 damage)
             ... on level 4 of the Dungeon.
             The game lasted 00:05:07 (2215 turns).

GigaChad the Trooper (Minotaur Fighter)             Turns: 2215, Time: 00:05:08

Health: -2/45      AC:  9    Str: 23    XL:     4   Next: 92%
Magic:  3/3        EV: 26    Int:  5    God:
Gold:   176        SH:  0    Dex:  9    Spells: 3/3 levels left

rFire   . . .      SeeInvis .   a - +0 long sword
rCold   . . .      Faith    .   c - +0 buckler
rNeg    . . .      Spirit   .   g - +0 chain mail
rPois   .          Reflect  .   (helmet restricted)
rElec   .          Harm     .   (no cloak)
rCorr   .          Rampage  .   (no gloves)
Will    .....                   (no boots)
Stlth   ..........              o - amulet of the acrobat
HPRegen 0.15/turn               h - +4 ring of evasion
MPRegen 0.08/turn               (no ring)

@: confused, acrobatic
A: horns 2, retaliatory headbutt
a: no special abilities


You were on level 4 of the Dungeon.
You visited 1 branch of the dungeon, and saw 4 of its levels.

You collected 176 gold pieces.

Inventory:

Hand Weapons
 a - a +0 long sword (weapon)
Armour
 b - a +0 scale mail
 c - a +0 buckler (worn)
 g - a +0 chain mail (worn)
Jewellery
 h - a +4 ring of evasion (left hand)
 j - a ring of poison resistance
 o - an amulet of the acrobat (around neck)
Scrolls
 k - a scroll of silence {unknown}
 l - 3 scrolls of torment {unknown}
 m - 2 scrolls of teleportation {unknown}
 n - a scroll of vulnerability {unknown}
Potions
 d - a potion of might
 e - 6 potions of curing {unknown}
 f - a potion of lignification {unknown}
 i - a potion of flight {unknown}


   Skills:
 + Level 6.5 Fighting
 - Level 2.5 Long Blades
 - Level 3.9 Armour
 - Level 3.8 Shields


You had 3 spell levels left.
You didn't know any spells.
Your spell library contained the following spells:

 Spells                   Type           Power      Damage    Failure   Level
 Summon Small Mammal      Summ           0%         N/A       99%         1
 Call Canine Familiar     Summ           0%         N/A       100%        3
 Summon Guardian Golem    Hex/Summ       0%         N/A       100%        3
 Tukima's Dance           Hex            0%         N/A       100%        3
 Passage of Golubria      Tloc           0%         N/A       100%        4
 Yara's Violent Unravell  Hex/Tmut       0%         3d3       100%        5


Dungeon Overview and Level Annotations

Branches:
Dungeon (4/15)
 Temple: D:4-7

Altars:
Fedhas
Trog

Shops:
D:2 *   D:3 ((


Innate Abilities, Weirdness & Mutations

You have a pair of horns on your head.
You reflexively headbutt those who attack you in melee.


Message History

An orc wizard comes into view. It is wielding a +0 dagger.
An endoplasm comes into view.
An orc wizard comes into view. It is wielding a +0 dagger.
The orc wizard shouts!
You hear a shout!
The orc wizard points at you and mumbles some strange words.
The puff of flame hits you.
An orc comes into view. It is wielding a +2 whip of draining.
The hobgoblin attacks as you move away! The hobgoblin closely misses you.
You furiously retaliate!
You headbutt the hobgoblin. The hobgoblin completely misses you.
The hobgoblin completely misses you. You furiously retaliate!
You headbutt the hobgoblin!
You kill the hobgoblin!
The orc completely misses you. You furiously retaliate!
You headbutt the orc!
You kill the orc!
The orc wizard casts a spell.
The orc wizard flickers and vanishes!
Deactivating autopickup; reactivate with Ctrl-A.
The endoplasm completely misses you. You furiously retaliate!
You headbutt the endoplasm!
You kill the endoplasm!
The orc priest barely misses you.
The orc wizard points at you and mumbles some strange words.
You are confused.
The orc priest completely misses you. Something hits you.
You're too confused to move!
The orc priest calls down the wrath of Beogh upon you.
Beogh smites you!
You hear some strange, mumbled words.
A puff of flame appears from out of thin air!
The puff of flame hits you.
You bump into the rock wall.
Something hits you but does no damage.
The orc priest hits you from afar with a +0 trident!
You're too confused to move!
Something hits you but does no damage. The orc priest misses you.
The orc wizard attacks as you move away!
The orc wizard hits you with a +0 dagger.
The orc priest calls down the wrath of Beogh upon you.
Beogh smites you!
You die...

......## ..............#.
..##### #...............
....# #.........≈≈≈...
....# #........≈=≈..#
#.### #.......≈≈≈..#
##### ### #...o........#
....####.##
##..o).......#
.#....#...# ###o.......##
#####(....#####.@########
# ##....>..##..## #
##......#....##
#...)..####.## #.......#
#..# #.......# ##.#
#.......## .# #.....<.#
.. ##......# #.#


You could see an orc priest, an orc wizard and an orc.

Vanquished Creatures
  An ogre (D:4)
  A worm (D:2)
  A dart slug (D:1)
  3 orcs
  6 bats
  3 endoplasms
  A giant cockroach (D:2)
  4 goblins
  3 hobgoblins
  4 quokkas
  5 ball pythons
  2 frilled lizards
  3 kobolds
  2 rats (D:1)
39 creatures vanquished.

Notes
Turn   | Place    | Note
-------+----------+-------------------------------------------
     0 | D:1      | GigaChad the Minotaur Fighter began the quest for the Orb.
     0 | D:1      | Reached XP level 1. HP: 19/19 MP: 0/0
   362 | D:1      | Reached XP level 2. HP: 27/27 MP: 1/1
   413 | D:1      | Reached skill level 4 in Fighting
  1227 | D:2      | Found Juadahio's General Store.
  1239 | D:2      | Reached XP level 3. HP: 34/34 MP: 2/2
  1416 | D:2      | Found a faded altar of an unknown god.
  1555 | D:3      | Found Gystrulit's Weapon Boutique.
  1607 | D:3      | Found a blossoming altar of Fedhas.
  1724 | D:3      | Found Selokoatt's Antique Weapon Emporium.
  1854 | D:4      | Found a bloodstained altar of Trog.
  2017 | D:4      | Reached skill level 5 in Fighting
  2153 | D:4      | Noticed an ogre
  2158 | D:4      | Killed an ogre
  2159 | D:4      | Reached skill level 6 in Fighting
  2159 | D:4      | Reached XP level 4. HP: 45/45 MP: 3/3
  2215 | D:4      | Killed from afar by an orc priest

Illustrated notes

Levels and vault maps discovered:
D:1:      sevenhm_arrival_forest_fort_large_4, layout_basic
D:2:      layout_rooms, serial_shops, shop,
          shapermc_ecumenical_altar_starsandcircs
D:3:      layout_basic, mainiacjoe_overflow_brackets, serial_shops,
          nicolae_diamond_shop, nicolae_shop_crystal, minmay_goblin_outpost,
          uniq_jessica
D:4:      layout_cave_pods, kennysheep_mini, minmay_misc_feat_rugged,
          corexii_item_surrounded_by_moat

Skill      XL: |  1  2  3 |
---------------+----------+-----
Fighting       | 4 6 |  6.5
Long Blades    | |  2.5
Armour         | |  3.9
Shields        | |  3.8

Action                   |  1- 3 |  4- 6 || total
-------------------------+-------+-------++-------
Melee: Long sword        |    77 |     4 ||    81
       Headbutt          |     7 |       ||     7
  Use: Scroll            |     3 |       ||     3
Armor: Scale mail        |     5 |       ||     5
       Chain mail        |    29 |     3 ||    32
Dodge: Dodged            |    65 |    11 ||    76
Block: Buckler           |    26 |       ||    26
